Map: 2000 Atmospheres LE

Players

dEspAiR - Winner!

  • Race: Protoss Protoss
  • League: Master

tossEZmode

  • Race: Terran Terran
  • League: Diamond

VOD

Have the link to the VOD?

Description

Time

  • Played on: May 28, 2021, 2:43 a.m.
  • Length: 14:51
Show
View Real Time Build Order
Export as new Build Order

dEspAiR Protoss - Winner!

Build Orders: Blink Stalkers 

Get SALT Encoding   

  12  0:00  Probe  
  13  0:12  Probe  
  14  0:18  Pylon  
  14  0:24  Probe (Chrono Boost)  
  15  0:36  Probe (Chrono Boost)  
  15  0:40  Gateway  
  16  0:45  Probe (Chrono Boost), Assimilator  
  17  0:51  Probe  
  17  0:55  Assimilator  
  18  1:06  Probe (Chrono Boost)  
  19  1:18  Pylon  
  20  1:19  Probe (Chrono Boost)  
  20  1:24  Probe (Chrono Boost)  
  21  1:28  Cybernetics Core  
  21  1:33  Probe  
  22  1:45  Probe  
  23  2:04  Stalker  
  23  2:05  Warp Gate  
  23  2:08  Twilight Council  
  25  2:10  Probe  
  26  2:23  Nexus  
  26  2:26  Probe  
  27  2:34  Stalker  
  29  2:39  Probe  
  30  2:45  Blink (Chrono Boost)  
  30  2:48  Pylon  
  30  3:01  Probe  
  31  3:18  Gateway  
  31  3:21  Gateway  
  31  3:22  Probe  
  31  3:26  Pylon  
  32  3:34  Probe, Robotics Facility  
  33  3:35  Probe  
  34  3:46  Probe  
  34  3:47  Probe  
  36  3:54  Stalker  
  38  3:58  Probe  
  38  3:59  Probe  
  40  4:14  Stalker  
  40  4:16  Probe x2  
  44  4:22  Observer (Chrono Boost)  
  45  4:24  Stalker x2  
  45  4:28  Probe x2  
  45  4:29  Shield Battery  
  51  4:32  Pylon  
  51  4:37  Charge  
  51  4:40  Probe x2 (Chrono Boost)  
  53  4:49  Stalker  
  53  4:50  Stalker x2  
  61  4:52  Probe (Chrono Boost)  
  61  4:58  Probe (Chrono Boost)  
  61  5:01  Probe (Chrono Boost)  
  61  5:05  Probe (Chrono Boost)  
  63  5:09  Probe  
  63  5:13  Stalker x3  
  70  5:17  Assimilator  
  70  5:19  Assimilator  
  70  5:21  Pylon  
  70  5:37  Gateway  
  70  5:39  Probe x2  
  70  5:41  Gateway  
  72  5:51  Probe  
  67  6:02  Stalker x3  
  71  6:05  Probe x2  
  73  6:15  Robotics Bay  
  73  6:16  Observer  
  74  6:21  Probe  
  75  6:25  Nexus, Forge  
  75  6:26  Pylon  
  75  6:28  Pylon  
  75  6:32  Shield Battery  
  75  6:52  Extended Thermal Lance  
  75  6:53  Protoss Ground Weapons Level 1 (Chrono Boost)  
  69  6:57  Stalker x5  
  79  7:03  Probe  
  79  7:04  Probe  
  81  7:08  Shield Battery  
  81  7:09  Shield Battery  
  81  7:13  Shield Battery  
  81  7:14  Pylon  
  81  7:16  Probe  
  81  7:18  Colossus (Chrono Boost)  
  87  7:33  Pylon  
  87  7:34  Probe  
  88  7:40  Zealot x2  
  88  7:41  Zealot x2  
  95  7:47  Probe x2  
  95  7:48  Probe  
  98  7:55  Pylon  
  98  7:59  Probe, Colossus (Chrono Boost)  
  98  8:01  Pylon  
  98  8:02  Pylon  
  98  8:05  Pylon  
  105  8:14  Sentry x2  
  105  8:15  Sentry  
  111  8:23  Gateway  
  111  8:25  Gateway  
  111  8:27  Gateway  
  111  8:29  Gateway  
  111  8:30  Pylon  
  111  8:31  Zealot x2  
  111  8:33  Pylon  
  115  8:50  Zealot x3  
  115  8:52  Zealot x2  
  125  9:06  Assimilator  
  125  9:11  Assimilator  
  125  9:12  Pylon  
  125  9:15  Stalker x2  
  125  9:16  Stalker x3  
  125  9:17  Colossus (Chrono Boost)  
  141  9:34  Protoss Ground Weapons Level 2 (Chrono Boost)  
  141  9:36  Zealot x4  
  149  9:53  Stalker x3  
  149  9:54  Zealot x2  
  132  10:10  Zealot x4  
  84  10:46  Stalker  
  84  10:47  Stalker x5  
  84  10:48  Stalker  
  92  10:50  Observer (Chrono Boost)  
  91  11:12  Observer  
  91  11:20  Stalker x4  
  91  11:21  Stalker x3  
  105  11:26  Probe  
  105  11:29  Probe  
  105  11:30  Probe  
  108  11:37  Pylon  
  108  11:38  Nexus, Colossus  
  108  11:39  Pylon  
  114  11:41  Pylon x2  
  114  11:46  Zealot x5  
  114  11:47  Zealot x2  
  112  12:21  Probe x2  
  112  12:29  Robotics Facility  
  104  12:31  Colossus  
  104  12:32  Robotics Facility  
  104  12:33  Stalker x4  
  104  12:34  Stalker x5, Pylon  
  126  12:44  Shield Battery  
  126  12:53  Photon Cannon  
  126  12:54  Photon Cannon  
  126  13:05  Templar Archives  
  126  13:09  Pylon  
  126  13:12  Photon Cannon  
  121  13:41  Disruptor (Chrono Boost)  
  121  13:42  Disruptor x2 (Chrono Boost)  
  121  13:46  Zealot x5  
  121  13:47  Zealot x2  
  142  13:52  Probe x2  
  142  13:53  Probe x2, Assimilator  
  142  13:55  Assimilator  
  146  14:09  Disruptor (Chrono Boost)  
  135  14:30  Stalker  
  135  14:31  Stalker x5  
  145  14:32  Stalker  
Show
View Real Time Build Order
Export as new Build Order

tossEZmode Terran 

Build Orders:  

Get SALT Encoding   

  12  0:01  SCV  
  13  0:13  SCV  
  14  0:17  Supply Depot  
  14  0:25  SCV  
  15  0:38  SCV  
  15  0:41  Barracks  
  16  0:45  Refinery  
  16  0:50  SCV  
  17  1:02  SCV  
  18  1:15  SCV  
  19  1:28  Orbital Command  
  19  1:29  Marine  
  20  1:41  Command Center  
  20  1:48  Barracks Reactor  
  20  1:55  SCV  
  20  1:57  Supply Depot  
  21  2:07  SCV  
  22  2:19  SCV  
  23  2:24  Command Center  
  23  2:26  Marine  
  23  2:28  Marine  
  25  2:31  SCV  
  26  2:45  Barracks  
  26  2:46  SCV  
  26  2:49  Reaper x2  
  29  2:54  Orbital Command  
  29  3:03  SCV, Bunker  
  30  3:16  SCV  
  30  3:19  Barracks  
  31  3:20  SCV  
  32  3:27  Engineering Bay  
  32  3:30  Refinery  
  32  3:31  SCV  
  32  3:33  Marine  
  35  3:34  SCV  
  35  3:36  Barracks Tech Lab  
  35  3:43  Orbital Command  
  35  3:44  SCV  
  35  3:45  Marine  
  35  3:47  SCV  
  38  3:55  Factory  
  38  3:56  SCV  
  38  3:58  Terran Infantry Weapons Level 1  
  38  4:00  Marine  
  38  4:01  SCV  
  41  4:07  Missile Turret  
  41  4:08  SCV  
  42  4:13  Marine, Barracks Tech Lab  
  42  4:15  SCV  
  42  4:17  Stimpack  
  42  4:20  Refinery  
  42  4:22  Refinery  
  42  4:23  SCV  
  43  4:24  SCV  
  43  4:25  Marine  
  43  4:26  Marine  
  43  4:29  SCV  
  47  4:35  SCV  
  48  4:39  SCV  
  48  4:43  Starport  
  48  4:45  Factory Reactor, Orbital Command  
  49  4:46  Marine, SCV  
  49  4:47  Marine, Marauder  
  49  4:49  SCV  
  55  5:04  Marine x2  
  56  5:07  SCV x2  
  56  5:13  Barracks  
  56  5:14  Barracks  
  58  5:15  Supply Depot, SCV  
  58  5:16  Supply Depot x2  
  58  5:19  Marauder  
  58  5:20  Combat Shield  
  61  5:27  Marine  
  61  5:28  SCV  
  61  5:31  SCV  
  61  5:35  Factory Reactor  
  61  5:37  Marine, Marauder  
  60  5:52  SCV  
  60  5:53  SCV  
  55  5:57  Marine x2  
  55  6:00  Marine  
  55  6:01  Marauder  
  59  6:04  SCV  
  59  6:05  SCV  
  59  6:08  Medivac x2  
  59  6:09  Supply Depot  
  65  6:15  Marine  
  65  6:16  Marine  
  65  6:17  Terran Infantry Armor Level 1  
  66  6:19  Marauder  
  66  6:21  Supply Depot  
  66  6:22  Concussive Shells, Marauder, Supply Depot  
  70  6:28  Barracks  
  69  6:33  Marine  
  69  6:36  Marine  
  69  6:38  SCV x2  
  73  6:40  Marauder  
  73  6:42  Medivac x2  
  73  6:44  Engineering Bay  
  79  6:52  Marine x2  
  79  6:53  Marine  
  78  6:55  SCV x2  
  78  6:59  Orbital Command  
  78  7:00  Supply Depot, Marine  
  81  7:01  Armory, Barracks Reactor, Marauder  
  81  7:07  SCV  
  84  7:11  SCV  
  84  7:13  Medivac x2  
  89  7:19  SCV  
  90  7:23  Marine, SCV, Barracks Tech Lab, Marauder  
  90  7:24  Barracks Tech Lab  
  90  7:27  Marine  
  90  7:29  SCV, Widow Mine x2  
  100  7:31  SCV  
  100  7:35  SCV  
  102  7:41  Marine x2  
  103  7:45  Marauder x2  
  103  7:46  SCV  
  103  7:47  Marine  
  103  7:48  Marauder  
  103  7:49  SCV  
  112  7:52  Supply Depot  
  112  7:53  SCV  
  112  7:55  Supply Depot, Refinery  
  112  7:58  SCV  
  114  7:59  Refinery  
  114  8:04  Terran Infantry Weapons Level 2  
  114  8:05  Starport  
  114  8:06  SCV, Marauder  
  114  8:09  Factory Reactor  
  117  8:14  SCV x2  
  117  8:15  Supply Depot  
  117  8:16  Terran Infantry Armor Level 2  
  117  8:18  SCV  
  120  8:21  Marine  
  120  8:22  Marauder  
  120  8:25  Supply Depot, Marauder  
  120  8:26  SCV x2  
  127  8:27  Marauder  
  127  8:30  SCV  
  130  8:38  Marine, SCV x2  
  130  8:41  Ghost Academy  
  133  8:42  SCV  
  133  8:43  Marauder  
  133  8:45  Marine, Supply Depot  
  133  8:46  Marauder  
  139  8:49  Widow Mine, Marauder  
  139  8:50  Supply Depot, SCV, Widow Mine  
  139  8:52  SCV  
  147  8:56  SCV  
  147  9:00  Marine  
  149  9:03  Medivac  
  149  9:04  Medivac, Viking  
  149  9:05  Marauder  
  157  9:10  Supply Depot  
  157  9:22  Marine  
  157  9:23  Marauder  
  160  9:25  Marine x2, Marauder  
  160  9:27  Medivac, Command Center  
  160  9:30  Fusion Core  
  166  9:31  SCV x3  
  169  9:38  Supply Depot  
  169  9:42  Enhanced Shockwaves  
  169  9:44  Supply Depot  
  169  9:45  Terran Ship Weapons Level 1, Barracks  
  169  9:46  Marauder, Barracks  
  169  9:51  Barracks  
  162  10:08  Marine  
  162  10:09  Viking x2  
  156  10:15  Marine x2  
  156  10:20  Marine  
  146  10:25  Marine  
  146  10:26  Marine  
  136  10:28  Marine  
  136  10:29  Marine  
  136  10:33  Marine x2  
  133  10:38  Marine  
  133  10:41  Supply Depot  
  133  10:42  Marine  
  122  10:43  Supply Depot  
  122  10:44  Marine, Supply Depot  
  122  10:46  Marine x2, Medivac  
  122  10:47  Viking  
  127  10:51  Marine x2, Barracks Tech Lab  
  127  10:53  Marine  
  123  10:57  Marine  
  123  10:58  SCV x2  
  127  11:06  Planetary Fortress  
  127  11:09  Missile Turret  
  127  11:10  SCV  
  127  11:12  Terran Infantry Armor Level 3, Terran Infantry Weapons Level 3, Starport  
  127  11:16  Marine x2  
  127  11:17  Marine x2, Marauder  
  127  11:18  Barracks Tech Lab x2  
  131  11:19  SCV x2  
  131  11:23  Marine x2  
  131  11:24  Marauder  
  135  11:33  Refinery  
  135  11:34  Advanced Ballistics  
  135  11:35  Marine x3  
  135  11:36  Marine, SCV x2  
  135  11:37  Marine, SCV  
  135  11:38  Marine, Marauder  
  146  11:42  Marauder x2  
  146  11:43  Terran Ship Weapons Level 2  
  146  11:44  SCV  
  151  11:48  SCV  
  152  11:56  Marine x3  
  152  11:57  SCV x2, Marauder x2  
  152  11:58  Missile Turret, Refinery  
  152  11:59  Viking  
  152  12:00  Starport Tech Lab, Viking  
  164  12:07  Marine x2  
  149  12:18  Marine x3  
  149  12:19  Marauder x2  
  149  12:21  Marine  
  141  12:22  Viking  
  141  12:23  Viking  
  141  12:29  Marine  
  139  12:32  Marine x2  
  139  12:36  Marine, Marauder  
  144  12:39  SCV x2, Orbital Command  
  144  12:40  Liberator x3  
  155  12:49  Marine  
  156  12:57  Supply Depot  
  156  12:58  Supply Depot  
  156  13:02  Sensor Tower  
  156  13:17  Supply Depot  
  156  13:18  Marine x4, SCV x2  
  156  13:19  SCV, Marauder  
  166  13:22  Supply Depot  
  159  13:34  Marine  
  159  13:36  Marine x2  
  159  13:40  Marine  
  156  13:46  Marine, SCV x2  
  159  13:51  Refinery x2  
  159  13:54  Marine, Command Center  
  160  13:56  Marine  
  160  13:57  Marine, Marauder  
  160  13:58  Marine  
  160  13:59  Marine x2, Marauder x2  
  160  14:00  Medivac  
  173  14:20  SCV  
Tags
 
Add a new tag
Caveats
  • Supply blocks, unpowered buildings, or Contaminate may cause inaccurate times.
  • Supply counts are checked every 10 seconds.